Unix NetHack Version 5.0.0-0 post-release - last build May 31 2026 23:59:36 (970b52f25bf058293b47ddfd14a1e40e571c508c,branch:main).

Game began 2026-06-09 21:26:21, ended 2026-06-09 22:52:56.

LDaviesPeters, neutral female human Archeologist

                       ..----        -----          ---
                     --d..|..-     ---...---        +.|          --..
                     |dd..|...|-----.......--       |.|          .....
               ------|@d).....|..--.....%...---------.--+--     ......
               |(m..|-dd.|...-|.......G...|...............---- ...{...
               |((()+...-|....|-..........|-..-----+---|-.............
               |((@.|-...---..|.....|....- .....--   |..|--..|  ......
               ------|(...|...|..--.|...-  ..|...--  |..|-...|    ---
                     ---....------|.|       ---...-------....-
                       ......--   |.|      ........|...|......
                       ...{...|   |.|      -..%.%.....%---....
                       .......--  +.|      --.---.............
                       ........----.|       |.| ----.....|...   .-----
                        .-+---......|       |.|    --...----   ....|.----
                             ------.+     ---|---   --.%|      .........|--
                                  ---     |.....|    |..|      ---.....-|.--
                                          |.._..|    |..|---------.|....|..--
                                          |.....|    |.%--...(.....|---.....|
                                          -------    --.......------  ---..<|
                                                      ---------         -----
LDaviesPeters the Investigator  St:16 Dx:12 Co:13 In:16 Wi:14 Ch:14  Neutral
Dlvl:7  $:20 HP:0(60) Pw:28(28) AC:-1 Xp:7 T:5030  Satiated

Latest messages:
 d        a dog or other canine (werewolf) [seen: normal vision, telepathy]
 You don't have anything to zap.
 What do you want to throw? [$zI or ?*] ?
 In what direction? 6
 The dagger hits the werewolf.
 You lash the werewolf!
 The werewolf misses!
 You lash the werewolf!
 The werewolf summons help!
 A wolf suddenly appears next to you!
 A wolf suddenly appears next to you!
 A wolf suddenly appears next to you!
 A wolf suddenly appears next to you!
 The werewolf misses!
 You lash the werewolf!
 The wolf bites!
 The wolf misses!
 The wolf misses!
 The wolf misses!
 The werewolf bites!
 You miss the werewolf.
 The wolf bites!
 The wolf bites!
 The wolf bites!
 The wolf misses!
 The werewolf summons help!
 A wolf suddenly appears close by!
 You feel hemmed in.
 The werewolf bites!
 You lash the werewolf!
 The wolf bites!
 The wolf just misses!
 The wolf bites!
 The wolf misses!
 The werewolf bites!
 You lash the werewolf!
 The wolf bites!
 The wolf bites!
 The wolf bites!
 The wolf bites!
 The werewolf just misses!
 You miss the werewolf.
 The wolf bites!
 The wolf bites!
 You die...
 Do you want your possessions identified? [ynq] (y) y
 Do you want to see your attributes? [ynq] (y) y
 Do you want an account of creatures vanquished? [ynaq] (y) n
 Do you want to see your conduct and achievements? [ynq] (y) y
 Do you want to see the dungeon overview? [ynq] (y) n

Inventory:
 Coins    ('$')
  $ - 20 gold pieces
 Amulets  ('"')
  q - an uncursed amulet of ESP (being worn)
 Weapons  (')')
  I - a +0 dagger
  a - a +2 bullwhip (weapon in right hand)
 Armor    ('[')
  B - a blessed +1 dwarvish iron helm (being worn)
  L - an uncursed +0 pair of iron shoes (being worn)
  K - an uncursed +0 dwarvish mithril-coat (being worn)
 Comestibles  ('%')
  t - 2 uncursed cram rations
  d - 2 uncursed food rations
 Scrolls  ('?')
  m - an uncursed scroll of identify
 Potions  ('!')
  n - an uncursed potion of invisibility
 Rings    ('=')
  i - a blessed +1 ring of gain strength (on right hand)
  r - an uncursed ring of invisibility
  o - a cursed ring of polymorph
  E - an uncursed ring of sustain ability
 Tools    ('(')
  p - a bag of tricks (0:12)
  l - a blessed oil lamp (lit)
  f - a tinning kit (0:63)
 Gems/Stones  ('*')
  X - 2 uncursed emeralds
  b - an uncursed luckstone
  g - an uncursed touchstone

LDaviesPeters the Archeologist's attributes:

Background:
 You were an Investigator, a level 7 female human Archeologist.
 You were neutral, on a mission for Camaxtli
 who was opposed by Quetzalcoatl (lawful) and Huhetotl (chaotic).
 You were right-handed.
 You were in the Gnomish Mines, on level 7.
 You entered the dungeon 5030 turns ago.
 It was nighttime.
 You had 839 experience points, 441 more were needed to attain level 8.

Basics:
 You had 0 out of 60 hit points.
 You had all 28 energy points (spell power).
 Your armor class was -1.
 Your wallet contained 20 zorkmids.
 Autopickup was off.

Final Characteristics:
 Your strength was 16 (base:15, limit:18/100).
 Your dexterity was 12 (limit:18).
 Your constitution was 13 (limit:18).
 Your intelligence was 16 (limit:18).
 Your wisdom was 14 (limit:18).
 Your charisma was 14 (limit:18).

Final Status:
 You were satiated.
 You were unencumbered.
 You were wielding a whip.
 You had expert skill with whip.

Final Attributes:
 You were piously aligned.
 You were poison resistant.
 You were telepathic.
 You had automatic searching.
 You were stealthy.
 You were guarded.
 Your spell casting was impaired by metallic armor.
 You were lucky.
 You had extra luck.
 Bad luck did not time out for you.
 Good luck did not time out for you.
 You are dead.

Miscellaneous:
 You encountered 1 bones level.
 Total elapsed playing time was 1 hour, 26 minutes and 34 seconds.

Major events:
 Turn
    1: LDaviesPeters the neutral female human Archeologist entered the dungeon
  705: attained the rank of Field Worker (level 3)
 2857: entered the Gnomish Mines
 3246: attained the rank of Investigator (level 6)
 4731: reached Mine Town
 5030: killed by a wolf

Spells:
 Name                 Level Category     Fail Retention
 healing                1   healing      100%  76%-100%
 cure blindness         2   healing      100%  76%-100%

Skills:
 Fighting Skills
   bare handed combat [Unskilled]
   two weapon combat  [Unskilled]
   riding             [Unskilled]
 Weapon Skills
   dagger             [Unskilled]
   knife              [Unskilled]
   pick-axe           [Basic]
   short sword        [Unskilled]
   saber              [Unskilled]
   club               [Unskilled]
   quarterstaff       [Unskilled]
   sling              [Unskilled]
   dart               [Unskilled]
   boomerang          [Unskilled]
   whip               [Expert]
   unicorn horn       [Unskilled]
 Spellcasting Skills
   attack spells      [Unskilled]
   healing spells     [Unskilled]
   divination spells  [Unskilled]
   matter spells      [Unskilled]

Voluntary challenges:
 Character rerolling was not enabled.
 You never genocided any monsters.
 You never polymorphed an object.
 You never changed form.
 You used no wishes.
Achievements:
 You attained the rank of Field Worker.
 You entered a shop.
 You entered the Gnomish Mines.
 You attained the rank of Investigator.
 You entered Minetown.
 You entered a temple.

 The Dungeons of Doom: levels 1 to 7
    Level 1:
       Some fountains, a grave.
    Level 2:
       A potion shop.
    Level 3:
       Some fountains, a sink.
       Stairs down to The Gnomish Mines.
    Level 4:
       A grave.
    Level 5:
    Level 6:
       A fountain.
    Level 7:
 The Gnomish Mines: levels 4 to 7
    Level 4:
    Level 5:
    Level 6:
       A grave.
       Final resting place for
          nowis-Sam-Hum-Fem-Law, poisoned by a rotted gnome corpse.
    Level 7: <- You were here.
       A tool shop, a temple and an altar, some fountains.
       Final resting place for
          you, killed by a wolf.


Vanquished creatures:
  a dust vortex
  3 bugbears
 an orc shaman
  2 rock piercers
  a rock mole
  6 gnome leaders
  a gnomish wizard
  7 elf zombies
  a paper golem
  a kitten
 13 dwarves
  a kobold leader
  2 rothes
  3 giant bats
  a dwarf zombie
  6 iguanas
 an acid blob
  a coyote
  2 hobbits
  5 manes
  a large kobold
  a hobgoblin
  4 giant rats
  a brown mold
  a yellow mold
 27 gnomes
  6 gnome zombies
  4 geckos
  7 jackals
  a fox
  2 kobolds
  2 goblins
  2 sewer rats
  6 grid bugs
  6 lichens
  3 kobold zombies
  2 newts
135 creatures vanquished.

No species were genocided or became extinct.

Game over:
                       ----------
                      /          \
                     /    REST    \
                    /      IN      \
                   /     PEACE      \
                  /                  \
                  |  LDaviesPeters   |
                  |      20 Au       |
                  | killed by a wolf |
                  |                  |
                  |                  |
                  |                  |
                  |       2026       |
                 *|     *  *  *      | *
        _________)/\\_//(\/(/\)/\//\/|_)_______

Goodbye LDaviesPeters the Archeologist...

You died in The Gnomish Mines on dungeon level 7 with 3674 points,
and 20 pieces of gold, after 5030 moves.
You were level 7 with a maximum of 60 hit points when you died.

